 Dungeon Crawl Stone Soup version 0.30.0-18-gc0e69614cb (webtiles) character file.

Game seed: 7892768344506479510

93 JanusIIV the Ruffian (level 4, -2/40 HPs)
             Began as a Naga Transmuter on May 25, 2023.
             Slain by a gnoll
             ... wielding a +0 halberd
              (7 damage)
             ... on level 3 of the Dungeon.
             The game lasted 00:04:47 (1976 turns).

JanusIIV the Ruffian (Naga Transmuter)              Turns: 1976, Time: 00:04:47

Health: -2/40      AC:  2    Str: 14    XL:     4   Next: 61%
Magic:  6/7        EV:  9    Int: 14    God:
Gold:   87         SH:  0    Dex: 11    Spells: 6/7 levels left

rFire   . .          .
                       - Unarmed
rCold   . . .        (no shield)
rNeg    . . .        a - +0 robe
rPois   +            (helmet currently unavailable)
rElec   .            h - scarf {repulsion}
rCorr   .            (no gloves)
SInv    +            (no barding)
Will    .....        (no amulet)
Stlth   +            (no ring)
HPRegen 0.26/turn    (no ring)
MPRegen 0.10/turn

%: repel missiles
@: appendages, very slow
A: horns 2, AC +1, large, see invisible, deformed body, poison resistance,
slowness 2, spit poison 1, naga tail 1
a: Spit Poison, End Transformation


You were on level 3 of the Dungeon.
You had temporarily grown beastly horns.
You visited 1 branch of the dungeon, and saw 3 of its levels.

You collected 87 gold pieces.

Inventory:

Armour
 a - a +0 robe (worn)
 h - a scarf of repulsion (worn)
Wands
 s - a wand of polymorph (9)
Scrolls
 c - 2 scrolls of fog {unknown}
 d - a scroll of fear {unknown}
 f - 2 scrolls of vulnerability {unknown}
 g - 6 scrolls of identify {unknown}
 i - a scroll of silence {unknown}
 j - 2 scrolls of immolation {unknown}
 l - a scroll of enchant armour {unknown}
 m - a scroll of teleportation {unknown}
 n - a scroll of enchant weapon {unknown}
 r - a scroll of poison {unknown}
Potions
 b - a potion of lignification
 e - a potion of degeneration {unknown}
 k - a potion of magic {unknown}
 o - a potion of haste {unknown}
 p - a potion of curing {unknown}
 q - a potion of heal wounds {unknown}


   Skills:
 + Level 2.5 Fighting
 - Level 1.5 Dodging
 + Level 3.8 Unarmed Combat
 - Level 2.0 Spellcasting
 + Level 3.1 Transmutations


You had 6 spell levels left.
You knew the following spells:

 Your Spells              Type           Power      Damage    Failure   Level
a - Beastly Appendage     Tmut           20%        N/A       7%          1

Your spell library contained the following spells:

 Spells                   Type           Power      Damage    Failure   Level
 Wereblood                Tmut           10%        N/A       10%         2
 Blink                    Tloc           2%         N/A       34%         2
 Lesser Beckoning         Tloc           2%         N/A       34%         2
 Momentum Strike          Conj/Tloc      2%         3d8       34%         2
 Poisonous Vapours        Pois/Air       2%         N/A       34%         2
 Spider Form              Tmut/Pois      5%         N/A       36%         3
 Inner Flame              Hex/Fire       1%         N/A       56%         3
 Mephitic Cloud           Conj/Pois/Air  1%         N/A       56%         3
 Ice Form                 Ice/Tmut       5%         N/A       77%         4
 Flame Wave               Conj/Fire      1%         2d4       93%         4
 Sticky Flame             Conj/Fire      1%         2d3       93%         4
 Freezing Cloud           Conj/Ice/Air   0%         6-21      100%        5


Dungeon Overview and Level Annotations

Branches:
Dungeon (3/15)

Altars:

Shops:
D:1 [   D:2 :


Innate Abilities, Weirdness & Mutations

You have temporarily grown beastly horns.
Your serpentine skin is tough. (AC +1)
You have supernaturally acute eyesight. (SInv)
Armour fits poorly on your strangely shaped body.
Your system is resistant to poisons. (rPois)
You cover ground very slowly.
You can spit poison.
You have a snake-like lower body.


Message History

c - 2 scrolls labelled CEYKKE ICESIECW (gained 1)
You open the door.
A gnoll and a kobold come into view.
The kobold shouts!
You hear a shout!
A gnoll comes into view. It is wielding a +0 halberd.
A gnoll comes into view. It is wielding a +0 whip.
Found a scroll labelled RYCHUI IXZI.
Aiming: Spit Poison (1% risk of failure)
Press: ? - help, Shift-Dir - straight line, f - kobold
Aim: a kobold, wielding a +0 short sword and quivering stones (50% to hit)
The splash of poison misses the kobold.
The splash of poison hits the gnoll but does no damage.
The gnoll is poisoned.
A gnoll comes into view. It is wielding a +0 halberd.
Casting: Beastly Appendage (safe; 7% risk of failure)
Confirm with . or Enter, or press ? or * to list all spells.
You grow a pair of large bovine horns.
The gnoll shouts!
You hit the kobold.
The kobold is moderately wounded.
The kobold hits you but does no damage.
You hit the kobold.
You kill the kobold!
You hit the gnoll. Your headbutt misses the gnoll.
The gnoll is moderately wounded.
The gnoll hits you from afar with a +0 halberd!
The gnoll hits you with a +0 whip.
You barely miss the gnoll.
You headbutt the gnoll, but do no damage.
The gnoll is moderately wounded.
You have got your breath back.
The gnoll hits you from afar with a +0 halberd!
* * * LOW HITPOINT WARNING * * *
The gnoll closely misses you. The gnoll hits you but does no damage.
You barely miss the gnoll. You headbutt the gnoll!
You kill the gnoll!
The gnoll hits you from afar with a +0 halberd.
* * * LOW HITPOINT WARNING * * *
The gnoll hits you from afar with a +0 halberd!
You die...

.# ..# #.# +# #.#
... ##.## ....
##...## .....
#####.....###g....?
...........@g......
#####...####g.....
##.## ..... #.#
.... #.# ...
#.#########+#
#.#.......#.#
#.#.#.###.#.#######
#.#..#.##.#.......#
#


You could see 3 gnolls.

Vanquished Creatures
  A gnoll (D:3)
  4 adders
  A worm (D:2)
  2 dart slugs (D:2)
  4 ball pythons
  4 endoplasms
  A giant cockroach (D:2)
  8 hobgoblins
  4 jackals (D:3)
  3 kobolds
  A quokka (D:1)
  5 bats
  3 frilled lizards
  4 goblins (D:2)
  7 rats
52 creatures vanquished.

Notes
Turn   | Place    | Note
-------+----------+-------------------------------------------
     0 | D:1      | JanusIIV the Naga Transmuter began the quest for the Orb.
     0 | D:1      | Reached XP level 1. HP: 18/18 MP: 3/3
   355 | D:1      | Reached XP level 2. HP: 24/25 MP: 5/5
   571 | D:1      | Found Irearem's Antique Armour Shop.
  1031 | D:2      | Found Uhyhaopp's Book Shop.
  1089 | D:2      | Reached XP level 3. HP: 31/32 MP: 6/6
  1224 | D:2      | Reached XP level 4. HP: 32/39 MP: 7/7
  1710 | D:3      | Identified the +2 leather armour of the Moon {rC+}
  1976 | D:3      | Slain by a gnoll

Illustrated notes

Levels and vault maps discovered:
D:1:      scummos_arrival_star, layout_loops_corners, serial_shops, shop,
          serial_bayou_pond_c, chequers_jeans
D:2:      layout_rooms, serial_shops, shop, serial_curves, eino_curves_01,
          eino_curves_02, amcnicky_mini_corridor_feature,
          grunt_decor_one_mirror, minmay_tetromino_t4
D:3:      layout_loops_corners, grunt_temple_overflow_champion_of_chaos,
          gammafunk_ghost_cemetery

Skill      XL: |  1  2  3  4 |
---------------+-------------+-----
Fighting       | 2 |  2.5
Transmutations | 3 |  3.1
Dodging        | |  1.5
Unarmed Combat | |  3.8
Spellcasting   | |  2.0

Action                     |  1- 3 |  4- 6 || total
---------------------------+-------+-------++-------
  Melee: Unarmed           |   130 |    44 ||   174
         Punch             |     7 |     1 ||     8
         Headbutt          |     8 |     6 ||    14
   Cast: Beastly Appendage |     8 |     7 ||    15
Ability: Spit Poison       |     4 |     7 ||    11
   Stab: Sleeping          |     1 |       ||     1
 Armour: Robe              |    36 |    15 ||    51
  Dodge: Dodged            |    64 |    16 ||    80
         Repelled          |     1 |       ||     1
